 Dungeon Crawl Stone Soup version 0.22-a0-467-g5c5de1cb09 (webtiles) character file.

50 Lucibear the Sneak (level 3, -1/21 HPs)
             Began as an Octopode Wizard on June 10, 2018.
             Slain by an orc (4 damage)
             ... on level 3 of the Dungeon.
             The game lasted 00:12:39 (2083 turns).

Lucibear the Sneak (Octopode Wizard)                Turns: 2083, Time: 00:12:40

Health: -1/21      AC:  1    Str:  6    XL:     3   Next: 79%
Magic:  2/7        EV: 13    Int: 21    God:
Gold:   45         SH:  0    Dex: 10    Spells: 3/8 levels left

rFire    . . .     SeeInvis .   b - +0 spear
rCold    . . .     Gourm    .   (no shield)
rNeg     . . .     Faith    .   a - +0 hat
rPois    .         Spirit   .   (no amulet)
rElec    .         Reflect  .   (no ring)
rCorr    .         Harm     .   (no ring)
MR       .....                  (no ring)
Stlth    +++.......             (no ring)
HPRegen  0.07/turn              (no ring)
MPRegen  0.10/turn              (no ring)
                                (no ring)
                                (no ring)

@: very slightly contaminated
A: almost no armour, stealthy swim, amphibious, 8 rings, constrict 8, camouflage
1, gelatinous body 1
a: no special abilities


You were on level 3 of the Dungeon.
You were hungry.

You visited 1 branch of the dungeon, and saw 3 of its levels.

You collected 45 gold pieces.

Inventory:

Hand Weapons
 b - a +0 spear (weapon)
Armour
 a - a +0 hat (worn)
Jewellery
 f - a cursed amulet of inaccuracy {unknown}
 h - a cursed ring of loudness {unknown}
 m - an uncursed amulet of regeneration {unknown}
Scrolls
 d - a scroll of teleportation {unknown}
 g - a scroll of remove curse {unknown}
 i - 4 scrolls of identify {unknown}
 k - a scroll of amnesia {unknown}
Potions
 e - a potion of berserk rage {unknown}
 j - a potion of curing {unknown}
Comestibles
 c - 2 rations
 l - a chunk of flesh


   Skills:
 + Level 1.0 Polearms
 + Level 2.3 Dodging
 * Level 3.9 Stealth
 + Level 3.1 Spellcasting
 + Level 1.6 Conjurations
 * Level 1.4 Summonings
 - Level 1.0 Translocations


You had 3 spell levels left.
You knew the following spells:

 Your Spells              Type           Power        Failure   Level  Hunger
a - Magic Dart            Conj           ##..         7%          1    None
b - Call Imp              Summ           #.......     11%         2    ##.....
c - Blink                 Tloc           N/A          13%         2    ##.....

Your spell library contained the following spells:

 Spells                   Type           Power        Failure   Level  Hunger
 Conjure Flame            Conj/Fire      #.......     28%         3    ###....
 Slow                     Hex            #.......     21%         2    ##.....
 Mephitic Cloud           Conj/Pois/Air  #.......     32%         3    ###....


Dungeon Overview and Level Annotations

Branches:
Dungeon (3/15)

Altars:


Innate Abilities, Weirdness & Mutations

You cannot wear most types of armour.
You are very stealthy in the water. (Stealth+)
You are amphibious.
You can wear up to eight rings at the same time.
You can use your tentacles to constrict eight enemies at once.
Your skin changes colour to match your surroundings (Stealth+).
Your rubbery body absorbs attacks. (AC +1, EV +1)


Message History

Something barely misses you. The orc closely misses you.
Something hits you but does no damage.
You slide downwards.
The hatch slams shut behind you.
A giant cockroach, a kobold, 3 orcs and a dart slug come into view.
Found 20 stones.
You hit something. Something hits you but does no damage. The orc misses you.
The orc shouts!
You hit the orc. Your grab misses the orc.
The orc is severely wounded.
The orc shouts! x2; The kobold shouts!
Something hits you. The orc misses you. The orc hits you with a mace.
* * * LOW HITPOINT WARNING * * *
You are feeling hungry.
You hit something. Something hits you but does no damage.
The orc closely misses you.
A goblin comes into view.
The orc closely misses you. Something hits you.
* * * LOW HITPOINT WARNING * * *
You closely miss something. The orc hits you.
You die...

## .. .#
o#
########o#
......{@o#
......woK#
..(......#
.........#
.....s...#
#####.....
#..### #.g


You could see a dart slug, 4 orcs, a giant cockroach, a goblin (wandering) and a
kobold.

Vanquished Creatures
  2 adders (D:2)
  2 leopard geckos (D:2)
  2 orcs (D:2)
  A ball python (D:2)
  3 bats (D:1)
  7 hobgoblins (D:1)
  2 jackals (D:2)
  2 kobolds (D:1)
  A quokka (D:2)
  2 frilled lizards (D:1)
  A goblin (D:1)
  A rat (D:2)
26 creatures vanquished.

Notes
Turn   | Place    | Note
-------+----------+-------------------------------------------
     0 | D:1      | Lucibear the Octopode Wizard began the quest for the Orb.
     0 | D:1      | Reached XP level 1. HP: 11/11 MP: 4/4
   645 | D:1      | Reached XP level 2. HP: 6/17 MP: 0/6
  1626 | D:1      | Learned a level 2 spell: Call Imp
  1629 | D:1      | Learned a level 2 spell: Blink
  1744 | D:2      | Reached XP level 3. HP: 21/21 MP: 0/7
  1890 | D:2      | Reached skill level 1 in Polearms
  2083 | D:3      | Slain by an orc

Vault maps used:
D:1:      minmay_arrival_doors
D:2:      uniq_sigmund
D:3:      trog_book, uniq_robin, uniq_terence

Skill      XL: |  1  2  3 |
---------------+----------+-----
Stealth        | 3 |  3.9
Polearms       | 1 |  1.0
Dodging        | |  2.3
Spellcasting   | |  3.1
Conjurations   | |  1.6
Summonings     | |  1.4
Translocations | |  1.0

Action                   || total
-------------------------++-------
Melee: Spear             ||    48
       Constrict         ||    12
       Tentacles         ||     4
 Cast: Magic Dart        ||    69
  Eat: Chunk             ||     3
Armor: Skin              ||    12
Dodge: Dodged            ||    52

Table legend:
 A = Spawn XP
 B = Non-spawn XP
 C = Spawn XP percentage of total XP
 D = Spawn monster count
 E = Non-spawn monster count
 F = Spawn count percentage of total count
 G = Total turns spent on level
                    A         B        C        D         E        F      G
               +---------+---------+-------+---------+---------+-------+---------
         Total |       0 |      72 |   0.0 |       0 |      26 |   0.0 |  2083
               +---------+---------+-------+---------+---------+-------+---------
           D:1 |       0 |      25 |   0.0 |       0 |      15 |   0.0 |  1625
           D:2 |       0 |      47 |   0.0 |       0 |      11 |   0.0 |   428
               +---------+---------+-------+---------+---------+-------+---------
